Map: Sludge City

Players

buggy - Winner!

  • Race: Terran Terran
  • League: Platinum
  • Spawn Location: 5:00

Tenonee - Winner!

  • Race: Zerg Zerg
  • League: Platinum
  • Spawn Location: 5:00

jazzzkk

  • Race: Terran Terran
  • Spawn Location: 9:00

BDK

  • Race: Terran Terran
  • Spawn Location: 11:00

VOD

Have the link to the VOD?

Description

Time

  • Played on: July 24, 2016, 5:32 a.m.
  • Length: 3:40
Show
View Real Time Build Order
Export as new Build Order

buggy Terran - Winner!

Build Orders: 1/1/1 

Get SALT Encoding   

  12  0:01  SCV  
  13  0:13  SCV  
  14  0:19  Supply Depot  
  14  0:25  SCV  
  15  0:30  Refinery  
  15  0:40  SCV  
  16  0:46  Barracks  
  16  0:52  SCV  
  17  1:04  SCV  
  18  1:16  SCV  
  19  1:36  Orbital Command  
  19  1:37  Factory  
  19  1:41  Marine  
  20  1:51  Supply Depot  
  20  2:03  SCV  
  21  2:11  Command Center  
  21  2:22  Starport  
  21  2:23  Marine  
  21  2:28  Widow Mine  
  24  2:31  SCV  
  24  2:35  Refinery  
  25  2:47  Marine  
  24  3:10  SCV  
  24  3:12  Hellion, Marine  
Show
View Real Time Build Order
Export as new Build Order

Tenonee Zerg - Winner!

Build Orders: Hatch First 

Get SALT Encoding   

  12  0:02  Drone  
  13  0:13  Drone  
  14  0:35  Hatchery  
  13  0:41  Drone  
  14  0:46  Extractor  
  13  0:57  Spawning Pool  
  12  1:07  Overlord  
  12  1:12  Drone  
  12  1:18  Drone  
  14  1:28  Drone  
  15  1:37  Drone  
  16  1:41  Drone  
  16  1:45  Metabolic Boost  
  17  1:59  Queen  
  19  2:06  Queen  
  21  2:21  Zergling x2  
  21  2:22  Zergling x4  
  24  2:28  Overlord  
  24  2:40  Queen  
  25  3:01  Zergling x2  
  25  3:02  Zergling x10  
Show
View Real Time Build Order
Export as new Build Order

jazzzkk Terran 

Build Orders:  

Get SALT Encoding   

  12  0:22  SCV  
  13  0:30  Supply Depot  
  13  0:34  SCV  
  14  0:40  Refinery  
  14  0:46  SCV  
  15  0:53  Barracks  
  15  0:58  SCV  
  16  1:10  Barracks  
  16  1:15  SCV  
  17  1:19  Barracks  
  17  1:27  Refinery, SCV  
  18  1:40  Reaper  
  18  1:44  Supply Depot  
  19  1:57  Reaper  
  20  2:01  Orbital Command  
  20  2:07  Reaper  
  21  2:14  Reaper  
  22  2:28  Supply Depot  
  23  2:30  Reaper  
  23  2:39  Reaper  
  24  2:46  Reaper  
  25  3:02  Reaper  
  27  3:18  Marine  
Show
View Real Time Build Order
Export as new Build Order

BDK Terran 

Build Orders:  

Get SALT Encoding   

  12  0:01  SCV  
  13  0:13  SCV  
  14  0:19  Supply Depot  
  14  0:25  SCV  
  15  0:40  Refinery, SCV  
  16  0:47  Barracks  
  16  1:04  Barracks  
  16  1:08  Refinery  
  16  1:11  SCV  
  17  1:23  SCV  
  18  1:35  Reaper  
  18  1:36  SCV  
  20  1:51  Reaper, Orbital Command  
  21  2:06  Supply Depot  
  21  2:07  Reaper  
  21  2:29  Factory  
  20  3:10  SCV  
  21  3:22  SCV  
Tags
 
Add a new tag
Caveats
  • Supply blocks, unpowered buildings, or Contaminate may cause inaccurate times.
  • Supply counts are checked every 10 seconds.